Cogmind - Beta 13 @@@ ROGUE MODE // 2024.04.08 @ 22:40:28 Player: luckinvolved Result: Destroyed by G-47 Trooper with Particle Gun Performance ------------- Evolutions (2) 1000 Regions Visited (5) 1000 Robots Destroyed (19) 95 Value Destroyed (557) 557 Prototype IDs (0) 0 Alien Tech Used (0) 0 Bonus (0) 0 TOTAL SCORE: 2652 Bonus ------- None Cogmind --------- Core Integrity 0/550 Matter 330/500 Energy 329/350 System Corruption 0% Temperature Cool (9) Movement Core (150) Ox2 Location -8/Materials Parts ------- > --- POWER (1) -------- (None) > --- PROPULSION (4) --- (None) > --- UTILITY (4) ------ High-capacity Battery High-capacity Matter Pod Sensor Array > --- WEAPON (2) ------- (None) > --- INVENTORY (5) ---- (None) Peak State ------------ > --- POWER ------------ Light Nuclear Core > --- PROPULSION ------- Compact Wheel Compact Wheel Hover Unit Hover Unit > --- UTILITY ---------- Heat Sink Small Storage Unit Sensor Array > --- WEAPON ----------- Light Assault Rifle Katana > --- INVENTORY -------- Aluminum Leg Improved Aluminum Leg High-capacity Battery High-capacity Matter Pod Sensor Array Light EM Pulse Cannon Rocket Launcher [Rating: 15] Favorites ----------- Power Ion Engine Engine Ion Engine Power Core Light Nuclear Core Propulsion Aluminum Leg Leg Aluminum Leg Wheel Compact Wheel Hover Unit Hover Unit Utility Small Storage Unit Device Heat Sink Storage Small Storage Unit Protection Light Armor Plating Weapon Small Laser Energy Gun Small Laser Energy Cannon Light EM Pulse Cannon Ballistic Gun Light Assault Rifle Launcher Rocket Launcher Slashing Weapon Katana Build | -11 -10 -10 -9 -9 -8 ------- Run | Yrd Mat Min Mat Min Mat Slots Evolved 4 | . . . 2 . 2 Power . | . . . . . . Propulsion 2 | . . . . . 2 Utility 2 | . . . 2 . . Weapon . | . . . . . . Parts Attached 39 | 6 1 . 12 9 11 Power 4 | 1 . . 1 1 1 Engine 3 | 1 . . 1 . 1 Core 1 | . . . . 1 . Reactor . | . . . . . . Propulsion 11 | 2 . . 2 3 4 Treads . | . . . . . . Leg 7 | 2 . . 2 1 2 Wheel 2 | . . . . 2 . Hover 2 | . . . . . 2 Flight . | . . . . . . Utility 12 | 1 1 . 4 3 3 Device 5 | . 1 . 2 1 1 Storage 6 | 1 . . 1 2 2 Processor . | . . . . . . Hackware . | . . . . . . Protection 1 | . . . 1 . . Artifact . | . . . . . . Weapon 12 | 2 . . 5 2 3 Energy Gun 5 | 2 . . 3 . . Energy Cannon 1 | . . . . . 1 Ballistic Gun 4 | . . . 2 1 1 Ballistic Cannon . | . . . . . . Launcher 1 | . . . . . 1 Special Weapon . | . . . . . . Impact Weapon . | . . . . . . Slashing Weapon 1 | . . . . 1 . Piercing Weapon . | . . . . . . Special Melee Weapon . | . . . . . . Unidentified Prototypes . | . . . . . . Parts Lost 25 | . . . 5 4 16 Power 4 | . . . 1 1 2 Propulsion 9 | . . . 1 2 6 Utility 5 | . . . 1 1 3 Weapon 7 | . . . 2 . 5 Highest Loss Streak 10 | . . . 2 4 10 To Critical Strikes . | . . . . . . Average Slot Usage (%) 83 | . 89 100 91 80 54 Engine 8 | . 14 14 11 3 . Core 1 | . . . . 4 7 Leg 19 | . 28 28 21 11 8 Wheel 2 | . . . . 6 4 Device 16 | . 3 14 21 23 10 Storage 12 | . 14 14 13 11 7 Energy Gun 12 | . 28 28 15 . . Ballistic Gun 6 | . . . 6 14 7 Slashing Weapon 1 | . . . . 6 2 Naked Turns . | . . . . . . Heaviest Build 18 | 13 14 14 18 18 16 Greatest Support 32 | 20 20 20 20 32 32 Greatest Overweight (x) 4 | 3 . . 1 1 4 Average Overweight (x) . | . . . . . . Largest Inventory Capacity 8 | 8 8 8 8 8 8 Average Capacity 7 | 6 8 8 8 8 6 Most Carried 8 | 6 8 8 8 7 8 Average Carried 6 | 2 6 8 6 5 5 Final Capacity 8 | 8 8 8 8 8 5 Final Carried 8 | 6 8 8 7 6 . Class Distribution -------------------- 55% | Mutant 44% | Scavenger-Mutant Dominant Class ---------------- Mutant | -10/Materials Mutant | -10/Mines Mutant | -9/Materials Scavenger-Mutant | -9/Mines Scavenger-Mutant | -8/Materials Resources | -11 -10 -10 -9 -9 -8 ----------- Run | Yrd Mat Min Mat Min Mat Matter Collected 642 | 217 85 . 219 85 36 Remotely . | . . . . . . Salvage Created 688 | . 85 . 400 167 36 Parts 31 | . 3 . 18 5 5 Haulers Intercepted . | . . . . . . Recyclers Shooed . | . . . . . . Parts Field Recycled . | . . . . . . Retrieved Matter . | . . . . . . Parts Self-Destructed . | . . . . . . Prevented . | . . . . . . Kills | -11 -10 -10 -9 -9 -8 ------- Run | Yrd Mat Min Mat Min Mat Combat Hostiles Destroyed 16 | . 2 . 11 2 1 Guns 14 | . 2 . 10 2 . Cannons 1 | . . . . . 1 Classes Destroyed 8 | . 1 . 3 2 2 Worker 1 | . . . 1 . . Recycler 1 | . . . . 1 . Operator 1 | . . . . . 1 Swarmer 4 | . . . 4 . . Grunt 7 | . 2 . 4 1 . Duelist 1 | . . . . 1 . Sentry 3 | . . . 3 . . Heavy 1 | . . . . . 1 Best Kill Streak 9 | . 2 . 9 3 1 Combat Bots Only 8 | . 2 . 8 2 1 Max Kills in Single Turn 2 | . 1 . 2 1 1 Gunslinging . | . . . . . . Exploded . | . . . . . . Melee . | . . . . . . Uniques/NPCs Destroyed . | . . . . . . Combat | -11 -10 -10 -9 -9 -8 -------- Run | Yrd Mat Min Mat Min Mat Hostile Shots Fired 184 | . 22 . 75 12 75 Missed 56 | . 5 . 22 3 26 Damage Taken 2282 | . 186 . 656 281 1159 Core 700 | . 32 . 80 32 556 Absorbed by Shields . | . . . . . . Core Remaining (%) 86 | 100 . 87 . 72 . Volleys Fired 81 | . 15 . 31 19 16 Largest 2 | . 2 . 2 2 2 Hottest 106 | . 80 . 106 43 81 Shots Fired 130 | . 27 . 59 21 23 Gun 122 | . 27 . 59 21 15 Cannon 6 | . . . . . 6 Launcher 2 | . . . . . 2 Special . | . . . . . . Kinetic 53 | . . . 17 21 15 Thermal 57 | . 15 . 42 . . Explosive 2 | . . . . . 2 Electromagnetic 18 | . 12 . . . 6 Robot Hit Streak 13 | . 7 . 11 9 13 Robot Miss Streak 7 | . 7 . 3 2 2 Penetration Max . | . . . . . . Secondary Targets 1 | . 1 . . . . Max Gunslinging Chain 1 | . 1 . . . . Shots Hit Robots 93 | . 16 . 44 16 17 Core Hits 36 | . 4 . 17 7 8 Critical Kills . | . . . . . . Critical Parts Destroyed . | . . . . . . Critical Strikes 3 | . 1 . 2 . . Burn 2 | . . . 2 . . Corrupt 1 | . 1 . . . . Melee Attacks . | . . . . . . Impact . | . . . . . . Slashing . | . . . . . . Piercing . | . . . . . . Sneak Attacks . | . . . . . . Combat Hostiles . | . . . . . . Follow-up Attacks . | . . . . . . Damage Inflicted 1322 | . 201 . 625 154 342 Guns 1203 | . 201 . 625 154 223 Cannons 77 | . . . . . 77 Explosions 42 | . . . . . 42 Melee . | . . . . . . Ramming . | . . . . . . Kinetic 596 | . . . 219 154 223 Thermal 516 | . 110 . 406 . . Explosive 42 | . . . . . 42 Electromagnetic 168 | . 91 . . . 77 Impact . | . . . . . . Slashing . | . . . . . . Piercing . | . . . . . . Highest Corruption . | . . . . . . Average Corruption . | . . . . . . Corruption Purged . | . . . . . . Corruption Blocked . | . . . . . . Overload Shots . | . . . . . . Overflow Damage . | . . . . . . Projectiles . | . . . . . . Explosions . | . . . . . . Melee . | . . . . . . Knockbacks . | . . . . . . Impact . | . . . . . . Kinetic . | . . . . . . Secondary . | . . . . . . Self-Inflicted Damage . | . . . . . . Shots . | . . . . . . Rammed . | . . . . . . Targets Rammed . | . . . . . . Kicked . | . . . . . . Crushed . | . . . . . . Highest Temperature 264 | . 264 . 36 . 6 Average Temperature 84 | . 124 . 14 . 3 Received Heat Transfer 681 | . 102 . 231 6 342 Effects 1 | . 1 . . . . Interference 1 | . 1 . . . . Siege Activations . | . . . . . . Robots Corrupted . | . . . . . . Combat Hostiles . | . . . . . . Parts Fried . | . . . . . . Impact Corruptions . | . . . . . . Robots Melted 1 | . . . 1 . . Combat Hostiles 1 | . . . 1 . . Parts Melted 5 | . 2 . 3 . . Heat Transferred 1461 | . 250 . 1211 . . Parts Sabotaged . | . . . . . . Parts Stolen . | . . . . . . Parts Stripped . | . . . . . . Power Chain Reactions . | . . . . . . Alert | -11 -10 -10 -9 -9 -8 ------- Run | Yrd Mat Min Mat Min Mat Peak Influence 338 | . 55 21 338 73 46 Initial 53 | . . 21 7 53 26 Average 61 | . 22 21 127 62 18 Maximum Alert Level 1 | . . . 1 . . Low Security (%) 95 | 100 100 100 86 100 100 Level 1 4 | . . . 13 . . Level 2 . | . . . . . . Level 3 . | . . . . . . Level 4 . | . . . . . . Level 5 . | . . . . . . High Security . | . . . . . . Max Security . | . . . . . . Squads Dispatched 7 | . 2 . 2 . 3 Investigation 1 | . . . 1 . . Extermination . | . . . . . . Reinforcement 6 | . 2 . 1 . 3 Assault . | . . . . . . Garrison . | . . . . . . Intercept . | . . . . . . Searches Triggered . | . . . . . . Construction Impeded . | . . . . . . Haulers Reinforced . | . . . . . . Active Scanning Responses . | . . . . . . Cargo Convoy Interrupts . | . . . . . . Stealth | -11 -10 -10 -9 -9 -8 --------- Run | Yrd Mat Min Mat Min Mat Distress Signals 2 | . . . 2 . . Communications Jammed . | . . . . . . Distress Signals . | . . . . . . Times Spotted 35 | . 6 . 21 2 6 Peak Tracking Total 10 | . 3 . 10 2 4 Tactical Retreats 2 | . . . 1 . 1 Traps | -11 -10 -10 -9 -9 -8 ------- Run | Yrd Mat Min Mat Min Mat Traps Triggered . | . . . . . . Indirectly . | . . . . . . Trap Hack Attempts . | . . . . . . Triggered . | . . . . . . Disarmed . | . . . . . . Reprogrammed . | . . . . . . Reused . | . . . . . . Traps Extracted . | . . . . . . Installed . | . . . . . . Triggered . | . . . . . . Machines | -11 -10 -10 -9 -9 -8 ---------- Run | Yrd Mat Min Mat Min Mat Machines Disabled . | . . . . . . Max in Single Turn . | . . . . . . Machines Repaired . | . . . . . . Machines Dismantled . | . . . . . . Machines Sabotaged . | . . . . . . Overloaded Fab Kills . | . . . . . . Hacking | -11 -10 -10 -9 -9 -8 --------- Run | Yrd Mat Min Mat Min Mat Machines Accessed 3 | . . . 2 1 . Terminals 3 | . . . 2 1 . Fabricators . | . . . . . . Repair Stations . | . . . . . . Recycling Units . | . . . . . . Scanalyzers . | . . . . . . Garrison Access . | . . . . . . Total Hacks 8 | . . . 6 2 . Successful 1 | . . . 1 . . Failed 7 | . . . 5 2 . Catastrophic 3 | . . . 2 1 . Database Lockouts . | . . . . . . Manual 7 | . . . 5 2 . Terminals 8 | . . . 6 2 . Fabricators . | . . . . . . Repair Stations . | . . . . . . Recycling Units . | . . . . . . Scanalyzers . | . . . . . . Garrison Access . | . . . . . . Terminal Hacks 1 | . . . 1 . . Alert Level 1 | . . . 1 . . Fabricator Hacks . | . . . . . . Repair Station Hacks . | . . . . . . Recycling Unit Hacks . | . . . . . . Scanalyzer . | . . . . . . Garrison Access Hacks . | . . . . . . Unauthorized Hacks . | . . . . . . Terminals . | . . . . . . Fabricators . | . . . . . . Repair Stations . | . . . . . . Recycling Units . | . . . . . . Scanalyzers . | . . . . . . Garrison Access . | . . . . . . Data Cores Recovered . | . . . . . . Used . | . . . . . . Hacking Detections 3 | . . . 2 1 . Full Trace Events 1 | . . . 1 . . Feedback Events . | . . . . . . Feedback Blocked . | . . . . . . Robot Schematics Acquired . | . . . . . . Robots Built . | . . . . . . Authchips . | . . . . . . Time . | . . . . . . Total Robot Build Rating . | . . . . . . Part Schematics Acquired . | . . . . . . Parts Built . | . . . . . . Authchips . | . . . . . . Time . | . . . . . . Total Part Build Rating . | . . . . . . Parts Repaired . | . . . . . . Time . | . . . . . . Parts Recycled . | . . . . . . Recycled Matter . | . . . . . . Retrieved Matter . | . . . . . . Retrieved Components . | . . . . . . Parts Scanalyzed . | . . . . . . Part Schematics Acquired . | . . . . . . Parts Damaged . | . . . . . . Bothacking | -11 -10 -10 -9 -9 -8 ------------ Run | Yrd Mat Min Mat Min Mat Used RIF Installer . | . . . . . . Robots Hacked . | . . . . . . Non-combat . | . . . . . . Combat . | . . . . . . Robot Hacks Applied . | . . . . . . Relay Couplers Released . | . . . . . . Fabnet Peak Effective % . | . . . . . . Robots Rewired . | . . . . . . Allies Hacked . | . . . . . . Hacks Repelled . | . . . . . . Allies | -11 -10 -10 -9 -9 -8 -------- Run | Yrd Mat Min Mat Min Mat Total Allies . | . . . . . . Largest Group . | . . . . . . Highest-Rated Group . | . . . . . . Highest-Rated Ally . | . . . . . . Total Orders . | . . . . . . Ally Attacks . | . . . . . . Total Damage . | . . . . . . Kills . | . . . . . . Allies Corrupted . | . . . . . . Allies Melted . | . . . . . . Intel | -11 -10 -10 -9 -9 -8 ------- Run | Yrd Mat Min Mat Min Mat Robot Analysis Total . | . . . . . . Derelict Logs Recovered . | . . . . . . Drone Launches . | . . . . . . Drone Recoveries . | . . . . . . Exploration | -11 -10 -10 -9 -9 -8 ------------- Run | Yrd Mat Min Mat Min Mat Turns Passed 1430 | 120 293 81 436 322 178 Spaces Moved 896 | 140 177 68 256 192 63 Core 110 | 92 . . . . 18 Treads . | . . . . . . Legs 715 | 48 177 68 256 147 19 Wheels 63 | . . . . 45 18 Hover 8 | . . . . . 8 Flight . | . . . . . . Fastest Speed 50 | 50 120 120 120 100 100 Average Speed 114 | 75 120 120 123 120 126 Slowest Speed 250 | 200 120 120 190 190 250 Overloaded Moves . | . . . . . . Propulsion Burnouts . | . . . . . . Robots Hopped . | . . . . . . Cave-ins Triggered . | . . . . . . Exploration Rate (%) 20 | 5 25 23 25 35 8 Regions Visited 5 Branch Regions 2 Pre-discovered Areas . | . . . . . . Known Exits Taken . | . . . . . . Unknown Exits Taken 5 | 1 1 1 1 1 . Scrap Searched . | . . . . . . Spaces Dug . | . . . . . . Terrain Destroyed 22 | . . . . . 22 Melee . | . . . . . . Projectile . | . . . . . . AOE 22 | . . . . . 22 Terrain Rammed . | . . . . . . Walls Destroyed . | . . . . . . Machines Disabled . | . . . . . . Actions | -11 -10 -10 -9 -9 -8 --------- Run | Yrd Mat Min Mat Min Mat Total 1171 | 151 230 67 321 263 139 Wait 122 | . 36 . . 39 47 Move 891 | 139 176 67 255 191 63 Hop . | . . . . . . Pick Up 23 | 6 2 . 11 2 2 Fast Attach 19 | 6 1 . 5 4 3 Attach 18 | . . . 6 4 8 Detach 3 | . . . 1 2 . Swap 2 | . . . 1 1 . Drop 12 | . . . 11 1 . Fire 81 | . 15 . 31 19 16 Melee . | . . . . . . Ram . | . . . . . . Kick . | . . . . . . Crush . | . . . . . . Escape Stasis . | . . . . . . Rewire . | . . . . . . Trap . | . . . . . . Miscellaneous . | . . . . . . Route ------- -11/Scrapyard -10/Materials -10/Mines -9/Materials -9/Mines -8/Materials History --------- Turn | Location | Event 3 | -11/Scrapyard | Discovered new exit (range 15) 121 | -11/Scrapyard | Entered Materials 196 | -10/Materials | Discovered new exit (range 8) 312 | -10/Materials | Build established: Mutant 414 | -10/Materials | Entered Mines 455 | -10/Mines | Assembled infested the area 479 | -10/Mines | Discovered new exit (range 15) 495 | -10/Mines | Entered Materials 495 | -9/Materials | Evolved 2 slots: Utility x2 821 | -9/Materials | Discovered new exit (range 13) 897 | -9/Materials | Destroyed 8 combat bots 931 | -9/Materials | Entered Mines 975 | -9/Mines | Met a Derelict bent on vengeance 1079 | -9/Mines | Lost 4 parts (1p2n1u) 1092 | -9/Mines | Discovered new exit (range 8) 1253 | -9/Mines | Entered Materials 1253 | -8/Materials | Evolved 2 slots: Propulsion x2 1327 | -8/Materials | Lost 6 parts (4n1u1w) 1366 | -8/Materials | Build established: Scavenger-Mutant 1402 | -8/Materials | Core integrity fell below 50% 1418 | -8/Materials | Core integrity fell below 20% 1431 | -8/Materials | Destroyed by G-47 Trooper with Particle Gun Last Messages --------------- 01363_ Knocked back. 01365_ Penetrated by Slug. 01365_ Rocket Launcher destroyed. 01365_ Sml. Storage Unit destroyed. 01365_ Critical hit (Blast). 01374_ Acquired Hpw. Shotgun. 01384_ Lgt. Assault Rifle destroyed. 01386_ Critical hit (Burn: +37). 01389_ Imp. Aluminum Leg destroyed. 01389_ Critical hit (Blast). 01394_ Aluminum Leg destroyed. 01394_ Critical hit (Blast). 01399_ Lgt. Nuclear Core destroyed. 01399_ Hpw. Shotgun destroyed. 01404_ H-61 Shepherd destroyed. 01411_ Lgt. EM Pulse Cannon destroyed. 01415_ Acquired 25 matter. 01419_ Heat Sink destroyed. 01423_ Lgt. Ion Engine destroyed. 01431_ The unstable cave ceiling collapses. Map ----- +----------------------------------------------------+ | ???????????????????# ########? | | ???????????????????# #???????? | | ???????????????????# #???????? | | ???????????????????" #???????? | | ???????????????????# #???????? | | ???????????????????# #???????? | | ???????????????????# #???????? | | ???????????????????# % ######### | | ????????????########% # """ # | | ????????????# # % # "R" # | | ????????????# # # " " # | | ????????????# +% # # | | ????????????# # % #% # | | ????????????# # + # | | ????????????# # " # | | ????????????######## # """"" # | | ???????????????????# # """"" # | | ???????????????????# g # """"" # | | ???????????????????# g # # | | ???????????????????# g######### | | ?????????????????### ###?????? | | ????????????????## #?????? | | ???????????###### #?????? | | ???????????# ######? | | ???????????# #? | | ???????????# @""" #? | | ???????????# #### """ #? | | ???????????# ???# # """ #? | | ???????????# ????## # ## #? | | ???????????+??????#####?# ] #? | | ????????????????????????# #? | | ????????????????????????###+###? | | ???????????????????????????????? | | ???????????????????????????????? | | ???????????????????????????????? | | ???????????????????????????????? | | ???????????????????????????????? | | ???????????????????????????????? | | ???????????????????????????????? | | ???????????????????????????????? | | ???????????????????????????????? | | ???????????????????????????????? | | ???????????????????????????????? | | ???????????????????????????????? | | ???????????????????????????????? | | ???????????????????????????????? | | ???????????????????????????????? | | ???????????????????????????????? | | ???????????????????????????????? | | ???????????????????????????????? | +----------------------------------------------------+ Best States ------------- Heat Dissipation 41 Energy Generation 14 Energy Capacity 375 Matter Stores 380 Matter Capacity 500 Sight Range 16 Robot Scan Range 14 Terrain Scan Range 14 Terrain Scan Density 10 Armor Coverage 150 Evasion (%) 55 Item Schematics ----------------- None Robot Schematics ------------------ None Fabricated ------------ Nothing Alien Tech Used ----------------- None Achievements -------------- None Challenges ------------ None Game ------ Seed GyrokineticGuidedProjector Manual? 0 Play Time 00:22:30 Cumulative 12.1 hours Start 2024.04.08 @ 22:09:39 End 2024.04.08 @ 22:40:28 Sessions 18 Manual Loads 0 Difficulty Rogue Special Mode None Game No. 29 Rogue 24 Adventurer 5 Explorer 0 Win Type - Total 0 Types 0/0/0/0/0/0/0/0/0 Lore% 2 Gallery% 21 Achievement% 15 Wizard Run 0 Options --------- Layout 0 ASCII 0 Keyboard 0 Movement Mouse Keybinds 0 Fullscreen 2 Font 24/Smallcaps Map View 76x50 Zoom Use 17% Tactical HUD 1 Map Filters NONE Filters NONE Steam 1 RUN: fe87949a-791d-4068-84c5-3d6736f79455